AoeStats
← ConcernedSauce

Lombardia

509261104Analyzed
2v2 RM · 7d ago on Sep 26, 2026· 46m 43s· 4 players
Game mode
Random Map
Map size
Medium (4 player)
Population
200
Speed
Normal
Resources
Standard
Victory
Conquest
Starting age
Dark Age
Ending age
Imperial Age
RankedLock teamsTeams togetherTeam positionsShared explorationLock speedFull tech treeHidden civsTurbo modeCheats
Victory
Defeat
🇺🇸 Tatars · United States
965
+15
🇺🇸 Japanese · United States
882
+18
🇦🇷 Tatars · Argentina
954
-17
🇺🇸 Romans · United States
919
-16
CornPopOfficial
3:50 Loom
11:59 Feudal Age
13:06 Man-at-Arms
17:46 Scale Mail Armor
18:40 Forging
24:39 Castle Age
26:00 Double-Bit Axe
32:16 Imperial Age
30:46 Horse Collar
32:51 Wheelbarrow
32:57 Wheelbarrow
32:28 Heavy Plow
32:40 Bow Saw
35:47 Fletching
36:01 Elite Skirmisher
36:23 Capped Ram
37:43 Ballistics
39:23 Bodkin Arrow
39:30 Padded Archer Armor
41:12 Bracer
46:22 Two-Man Saw
47:31 Chemistry
46:48 Leather Archer Armor
ConcernedSauce
9:51 Loom
11:37 Feudal Age
16:47 Castle Age
14:41 Double-Bit Axe
17:13 Horse Collar
19:30 Heavy Plow
27:13 Scale Barding Armor
28:38 Chain Barding Armor
30:33 Bloodlines
31:34 Fletching
32:27 Wheelbarrow
31:56 Gold Mining
31:57 Stone Mining
32:42 Bodkin Arrow
36:11 Hand Cart
39:54 Imperial Age
38:42 Ballistics
38:51 Padded Archer Armor
38:57 Husbandry
40:36 Bow Saw
40:16 Town Watch
41:09 Gold Shaft Mining
40:40 Bracer
40:56 Leather Archer Armor
41:18 Plate Barding Armor
40:05 Heavy Cavalry Archer
41:27 Conscription
40:36 Elite Steppe Lancer
41:52 Forging
42:50 Ring Archer Armor
45:08 Iron Casting
M3TAL JUNKI3xXx
0:30 Loom
11:31 Feudal Age
12:03 Double-Bit Axe
12:05 Town Watch
12:06 Horse Collar
16:56 Man-at-Arms
17:41 Scale Mail Armor
17:39 Fletching
18:04 Scale Mail Armor
21:00 Forging
27:34 Castle Age
26:04 Gold Mining
27:17 Stone Mining
27:49 Pikeman
30:54 Wheelbarrow
30:41 Long Swordsman
31:38 Bow Saw
32:05 Heavy Plow
36:59 Gold Shaft Mining
40:30 Imperial Age
38:55 Bodkin Arrow
40:11 Ballistas
41:18 Ballistics
40:50 Guard Tower
41:16 Masonry
40:42 Capped Ram
41:37 Squires
43:40 Halberdier
45:49 Legionary
HUGO QPA
0:38 Loom
2:52 Loom
10:50 Feudal Age
11:42 Town Watch
14:17 Wheelbarrow
18:02 Castle Age
15:54 Horse Collar
16:41 Double-Bit Axe
19:08 Gold Mining
21:59 Crossbowman
23:24 Hand Cart
24:32 Fletching
24:45 Padded Archer Armor
24:45 Stone Mining
25:38 Bodkin Arrow
29:40 Town Patrol
36:23 Imperial Age
35:58 Gold Shaft Mining
36:53 Husbandry
37:04 Bloodlines
37:19 Scale Barding Armor
37:42 Bow Saw
39:50 Bracer
40:11 Chain Barding Armor
40:14 Ballistics
40:54 Chemistry
41:02 Conscription
41:58 Silk Armor
43:13 Plate Barding Armor
42:53 Leather Archer Armor
44:14 Heavy Cavalry Archer
46:30 Ring Archer Armor
Connection lost

Rejoining the realm…

Still unreachable

The connection could not be restored.

Session expired

The server has moved on; the page needs a fresh start.